 Dungeon Sprint DCSS version 0.32-a0-450-g080537f31e (webtiles) character file.

Game seed: 18038629301939737897

1134 fingers the Skirmisher (level 8, 0/68 HPs)
             Began as a Coglin Hunter on Feb 23, 2024.
             Was a Priest of Beogh.
             Slain by a slime creature (11 damage)
             ... in the Dungeon (Sprint V: "Ziggurat Sprint").
             The game lasted 00:03:01 (406 turns).

fingers the Skirmisher (Coglin Hunter)               Turns: 406, Time: 00:03:02

Health: 0/68       AC: 29    Str: 11    XL:     8   Next: 36%
Magic:  8/8        EV:  4    Int:  9    God:    Beogh [***...]
Gold:   0          SH:  0    Dex: 32    Spells: 7/7 levels left

rFire   . . .        F - +5 hand cannon (heavy) {Akal}
rCold   . . .        J - +5 sling {Xiloxoch}
rNeg    . . .        C - +15 Maxwell's patent armour {-Cast -Tele rElec Will+ rCorr}
rPois   .            (no helmet)
rElec   +            (no cloak)
rCorr   +            (no gloves)
SInv    .            (no boots)
Will    +....        (no amulet) Stlth
                     w - +6 ring of dexterity
HPRegen 0.31/turn    x - +6 ring of dexterity
MPRegen 0.11/turn

%: no teleportation, no spellcasting
@: revving
A: off-hand wielding, slow wielding, warmup strikes, legs shutdown
a: Renounce Religion, Smiting


You were in the Dungeon.
You worshipped Beogh.
Beogh was most pleased with you.
You visited 1 branch

Inventory:

Hand Weapons
 a - a +0 shortbow {Octavius}
 D - the +8 storm bow {elec, penet}
   (You found it in the Dungeon)
 E - a +5 arbalest
 F - a +5 heavy hand cannon (weapon) {Akal}
 G - a +5 longbow
 H - a +5 orcbow
 I - a +5 shortbow
 J - a +5 sling (offhand) {Xiloxoch}
 K - a +5 triple crossbow
Armour
 c - a +0 leather armour
 C - the +15 Maxwell's patent armour (worn) {-Cast -Tele rElec Will+ rCorr}
   (You found it in the Dungeon)

   rElec:     It insulates you from electricity.
   Will+:     It increases your willpower.
   -Cast:     It prevents spellcasting.
   -Tele:     It prevents most forms of teleportation.
   rCorr:     It protects you from acid and corrosion.
Jewellery
 e - a ring of willpower
 v - a ring of flight
 w - a +6 ring of dexterity (left grasper)
 x - a +6 ring of dexterity (right grasper)
 y - a +6 ring of intelligence
 z - a +6 ring of intelligence
 A - a +6 ring of strength
 B - a +6 ring of strength
Wands
 s - a wand of mindburst (7)
 t - a wand of iceblast (14)
 u - a wand of acid (7)
Scrolls
 b - a scroll of butterflies
 i - 4 scrolls of blinking
 o - 4 scrolls of amnesia
 p - 7 scrolls of fog
 q - 5 scrolls of identify
 r - 2 scrolls of fear
Potions
 d - 9 potions of curing
 f - 6 potions of haste
 g - 7 potions of magic
 h - 3 potions of berserk rage
 j - 2 potions of brilliance
 k - 2 potions of invisibility
 l - 3 potions of resistance
 n - 4 potions of might


   Skills:
 + Level 7.9 Fighting
 + Level 11.2 Ranged Weapons
 * Level 10.9 Armour
 - Level 1.7 Dodging
 - Level 0.7 Stealth


You had 7 spell levels left.
You didn't know any spells.
Your spell library contained the following spells:

 Spells                   Type           Power      Damage    Failure   Level
 Summon Small Mammal      Summ           0%         N/A       100%        1
 Call Canine Familiar     Summ           0%         N/A       100%        3
 Stone Arrow              Conj/Erth      0%         3d7       100%        3
 Animate Armour           Summ/Erth      0%         N/A       100%        4
 Summon Blazeheart Golem  Fire/Summ      0%         N/A       100%        4
 Lehudib's Crystal Spear  Conj/Erth      0%         10d2      100%        8


Dungeon Overview and Level Annotations

Branches:
Dungeon (1/1)

Altars:
Ashenzari
Cheibriados
Dithmenos
Elyvilon
Fedhas
Gozag
Hepliaklqana
Kikubaaqudgha
Makhleb
Nemelex Xobeh
Okawaru
Qazlal
Ru
Sif Muna
Trog
Uskayaw
Vehumet
Wu Jian
Xom
Yredelemnul
Zin
The Shining One
Beogh
Jiyva
Lugonu

Annotations:
D 1 transporter


Innate Abilities, Weirdness & Mutations

Your facial features look somewhat orcish.
You can wield a second weapon in your off-hand.
It takes a long time for you to wield or remove held weapons.
Your first few attacks do less damage.
Attacking and casting redirects power from your legs.


Message History

The slime creature hits you but does no damage.
The slime creature hits you!
The slime creature hits you but does no damage. x2
The golden eye blinks!
The slime creature hits you but does no damage. x2
You shoot a bolt.
The bolt barely misses the slime creature.
You shoot a sling bullet.
The sling bullet hits the slime creature!
The slime creature is severely wounded.
The slime creature hits you! The slime creature barely misses you.
The slime creature hits you but does no damage.
The golden eye blinks at you.
You are confused.
The slime creature barely misses you.
The slime creature hits you but does no damage.
The golden eye blinks at you.
You easily resist.
The slime creature barely misses you.
You shoot a bolt. The bolt hits the slime creature!!
You kill the slime creature!
Beogh accepts your kill.
You shoot a sling bullet. The sling bullet misses the golden eye.
The slime creature hits you but does no damage. x2
The golden eye blinks!
The slime creature hits you but does no damage.
The slime creature hits you!
* * * LOW HITPOINT WARNING * * *
Your Ranged Weapons skill increases to level 11!
You shoot a bolt. You shoot a sling bullet. The slime creature hits you!
* * * LOW HITPOINT WARNING * * *
The slime creature hits you but does no damage.
The slime creature hits you.
* * * LOW HITPOINT WARNING * * *
The slime creature hits you.
* * * LOW HITPOINT WARNING * * *
You feel better.
You are no longer unable to travel.
The golden eye blinks at you. You resist with almost no effort.
The slime creature hits you!
You die...

▓..©..▓..©..▓▓▓▓▓▓▓
▓▓▓▓▓▓▓▓▓▓▓▓▓▓
▓..ß©ß...▓
▓..?[%...▓
▓...:....▓
▓........▓
▓........▓
▓..G.J...▓
▓..○@J...▓
▓▓▓▓▓▓▓▓▓▓


You could see 2 slime creatures and a golden eye.

Vanquished Creatures
  A rime drake (D)
  A slime creature (D)
  A fire elemental (D)
  A steam dragon (D)
  2 hell hounds (D)
  2 swamp drakes (D)
  An orc priest (D)
  An orc (D)
10 creatures vanquished.

Notes
Turn   | Place    | Note
-------+----------+-------------------------------------------
     0 | D        | fingers the Coglin Hunter began the quest for the Orb.
     0 | D        | Reached XP level 1. HP: 16/16 MP: 1/1
     0 | D        | Found a shimmering blue altar of Sif Muna.
     0 | D        | Found a bloodstained altar of Trog.
     0 | D        | Found a sacrificial altar of Ru.
     0 | D        | Found a stormy altar of Qazlal.
     0 | D        | Found an iron altar of Okawaru.
     1 | D        | Found a sparkling altar of Nemelex Xobeh.
     1 | D        | Found a blossoming altar of Fedhas.
     1 | D        | Found the +6 Majin-Bo {spellvamp, MP+6 Int+6}
     1 | D        | Found the +27 heavy crossbow "Sniper" {heavy, Acc+∞ SInv}
     1 | D        | Found the +10 dark maul {heavy}
     1 | D        | Found the +15 Maxwell's patent armour {-Cast -Tele rElec
                  | Will+ rCorr}
     1 | D        | Found the +18 shield of the Gong {Loud rN+ Will+ rCorr
                  | EV-5}
     1 | D        | Found the +16 obsidian axe {drain, demonic, Mesm ^Drain Fly
                  | SInv}
     1 | D        | Found the +7 great mace "Firestarter" {flame, immolate,
                  | rFlCloud rF++}
     1 | D        | Found the +6 shillelagh "Devastator" {shatter}
     1 | D        | Found the +11 plutonium sword {^Contam Stlth-}
     1 | D        | Found the +8 lance "Wyrmbane" {slay drac, rPois rF+ rC+
                  | AC+3}
     1 | D        | Found the +9 sword of Zonguldrok {reap}
     1 | D        | Found the +13 scythe of Curses {drain, curses, ^Drain}
     1 | D        | Found the +9 sword of Power {lifebolt}
     1 | D        | Found the +7 mace of Variability {chaos, chaos arc}
     1 | D        | Found the +11 Singing Sword {sonic wave}
     1 | D        | Found the +8 storm bow {elec, penet}
     3 | D        | Found a transporter.
     3 | D        | Found an ancient bone altar of Kikubaaqudgha.
     3 | D        | Found a viscous altar of Jiyva.
     3 | D        | Found a corrupted altar of Lugonu.
     3 | D        | Found a hazy altar of Hepliaklqana.
     3 | D        | Found a burning altar of Makhleb.
     3 | D        | Found an opulent altar of Gozag.
    70 | D        | Became a worshipper of Beogh the Shepherd
    86 | D        | Reached skill level 5 in Ranged Weapons
    86 | D        | Reached XP level 2. HP: 25/25 MP: 2/2
   100 | D        | Entered arena 2.
   100 | D        | Found a transporter.
   103 | D        | Reached * piety under Beogh
   104 | D        | Reached skill level 6 in Ranged Weapons
   104 | D        | Reached XP level 3. HP: 30/30 MP: 3/3
   114 | D        | Entered arena 3.
   114 | D        | Noticed a hell hound
   114 | D        | Noticed a hell hound
   114 | D        | Noticed a fire elemental
   114 | D        | Found a transporter.
   124 | D        | Killed a hell hound
   125 | D        | Reached skill level 8 in Ranged Weapons
   125 | D        | Reached skill level 5 in Armour
   125 | D        | Reached XP level 4. HP: 10/38 MP: 4/4
   125 | D        | Reached XP level 5. HP: 12/43 MP: 5/5
   132 | D        | Killed a hell hound
   133 | D        | Reached skill level 5 in Fighting
   133 | D        | Reached skill level 9 in Ranged Weapons
   133 | D        | Reached XP level 6. HP: 29/51 MP: 6/6
   134 | D        | Killed a fire elemental
   134 | D        | Reached ** piety under Beogh
   253 | D        | Entered arena 4.
   253 | D        | Noticed a rime drake
   253 | D        | Noticed a swamp drake
   253 | D        | Noticed a steam dragon
   253 | D        | Noticed a swamp drake
   253 | D        | Found a transporter.
   255 | D        | Killed a swamp drake
   256 | D        | Reached skill level 10 in Ranged Weapons
   256 | D        | Reached XP level 7. HP: 38/59 MP: 7/7
   259 | D        | Killed a rime drake
   260 | D        | Reached skill level 10 in Armour
   265 | D        | Killed a steam dragon
   266 | D        | Reached XP level 8. HP: 36/67 MP: 8/8
   268 | D        | Reached *** piety under Beogh
   396 | D        | Entered arena 5.
   396 | D        | Noticed a slime creature
   396 | D        | Noticed a slime creature
   396 | D        | Noticed a slime creature
   396 | D        | Found a transporter.
   404 | D        | Killed a slime creature
   405 | D        | Reached skill level 11 in Ranged Weapons
   405 | D        | HP: 3/68 [slime creature (5)]
   406 | D        | Slain by a slime creature

Illustrated notes

Levels and vault maps discovered:
D:        sprint_v [room_start, room_1, room_2, room_3, room_4, room_5, room_6,
          room_7, room_8, room_9, room_10, room_11, room_12, room_13, room_14,
          room_15, room_16, room_17, room_18, room_19, room_20, room_21,
          room_22, room_23, room_24, room_25, room_26, room_27]

Skill      XL: |  1  2  3  4  5  6  7  8 |
---------------+-------------------------+-----
Fighting       | 3 4 5 6 7 |  7.9
Ranged Weapons | 5 6 8 9 10 11 | 11.2
Armour         | 4 5 6 8 10 | 10.9
Dodging        | |  1.7
Stealth        | |  0.7

Action                     |  1- 3 |  4- 6 |  7- 9 || total
---------------------------+-------+-------+-------++-------
   Fire: Sling             |     6 |     9 |    20 ||    35
         Hand cannon       |     6 |     9 |    20 ||    35
    Use: Potion            |     8 |     3 |     3 ||    14
         Scroll            |       |       |     1 ||     1
 Armour: Plate armour      |    65 |    51 |    80 ||   196
  Dodge: Dodged            |     1 |     6 |    11 ||    18

Table legend: (Time is in decaauts)
 A = Elapsed time spent in this place.
 B = Non-inter-level travel time spent in this place.
 C = Inter-level travel time spent in this place.
 D = Time resting spent in this place.
 E = Time spent auto-exploring this place.
 F = Levels seen in this place.
 G = Mean time per level.
                   A        B        C        D        E       F      G
               +--------+--------+--------+--------+--------+-----+--------+
         Total |    439 |    439 |      0 |      0 |    237 |   1 |  439.0 |
       Dungeon |    439 |    439 |      0 |      0 |    237 |   1 |  439.0 |
               +--------+--------+--------+--------+--------+-----+--------+

Top non-repeatable levels by time:
       D: 439 daAuts
